 Dungeon Crawl Stone Soup version 0.30-a0-509-gd016549fea (console) character file.

Game seed: 965252256058752111

1390 atomjack the Martial Artist (level 8, 0/58 HPs)
             Began as a Demonspawn Monk on Dec 22, 2022.
             Was a Priest of Nemelex Xobeh.
             Slain by Pikel
             ... wielding a +0 whip of flaming
              (10 damage)
             ... on level 5 of the Dungeon.
             The game lasted 00:20:14 (4859 turns).

atomjack the Martial Artist (Demonspawn Monk)       Turns: 4859, Time: 00:20:14

Health: 0/58       AC:  6    Str: 12    XL:     8   Next: 40%
Magic:  23/23      EV: 12    Int: 11    God:    Nemelex Xobeh [***...]
Gold:   428        SH:  0    Dex: 18    Spells: 7/7 levels left

rFire   + . .      SeeInvis .      - Unarmed
rCold   . . .      Faith    +    (no shield)
rNeg    . . .      Spirit   .    f - +0 leather armour
rPois   .          Reflect  .    (helmet restricted)
rElec   .          Harm     .    k - +1 cloak
rCorr   .          Rampage  .    (no gloves)
Will    +....                    v - +0 pair of boots
Stlth   ++........               w
                                   - Hermit's Pendant {Faith Invo=14 Evo=0 MP+5}
HPRegen 0.29/turn                p - ring of willpower
MPRegen 0.18/turn                m - ring of protection from fire

@: no status effects
A: horns 1, powered by death 2, spiny 2, weakness stinger 1
a: Renounce Religion, Draw Escape, Draw Destruction, Draw Summoning, Triple Draw


You were on level 5 of the Dungeon.
You worshipped Nemelex Xobeh.
Nemelex Xobeh was most pleased with you.
You visited 1 branch of the dungeon, and saw 5 of its levels.
You also visited: Sewer.

You collected 428 gold pieces.

Inventory:

Missiles
 z - a poisoned dart (quivered)
Armour
 f - a +0 leather armour (worn)
 k - a +1 cloak (worn)
 v - a +0 pair of boots (worn)
 D - a +1 ring mail of cold resistance
Jewellery
 g - an amulet of guardian spirit
 m - a ring of protection from fire (right hand)
 p - a ring of willpower (left hand)
 w - the Hermit's Pendant (around neck) {Faith Invo=14 Evo=0 MP+5}
   (You found it on level 3 of the Dungeon)

   [amulet of faith]

   It sets your invocations skill to 14 and your evocations skill to 0.
   It allows you to gain divine favour quickly.
   MP:        It affects your magic capacity (+5).
 E - an amulet of magic regeneration
Wands
 q - a wand of digging (6)
 y - a wand of iceblast (9)
 F - a wand of flame (10)
Scrolls
 a - 2 scrolls of enchant armour
 d - a scroll of torment {unknown}
 e - a scroll of fear
 i - a scroll of teleportation {unknown}
 j - a scroll of fog
 l - a scroll of vulnerability
 o - a scroll of brand weapon {unknown}
 s - a scroll of magic mapping {unknown}
 t - a scroll of amnesia
 u - a scroll of blinking {unknown}
 x - a scroll of acquirement {unknown}
 B - a scroll of immolation {unknown}
 C - a scroll of silence {unknown}
 G - a scroll of poison {unknown}
Potions
 b - a potion of resistance {unknown}
 c - a potion of mutation {unknown}
 h - a potion of lignification {unknown}
 n - 4 potions of curing {unknown}
 r - 2 potions of cancellation {unknown}
 A - a potion of degeneration {unknown}


   Skills:
 - Level 3.0 Fighting
 - Level 2.6 Dodging
 - Level 1.7 Stealth
 + Level 9.9 Unarmed Combat


You had 7 spell levels left.
You didn't know any spells.
Your spell library contained the following spells:

 Spells                   Type           Power      Damage    Failure   Level
 Ignite Poison            Fire/Tmut/Pois 0%         N/A       80%         3
 Sticky Flame             Conj/Fire      0%         2d3       99%         4
 Ignition                 Fire           0%         3d3       100%        8


Dungeon Overview and Level Annotations

Branches:
Dungeon (5/15)             Temple (0/1) D:4           Sewer (visited)

Altars:
Nemelex Xobeh
Sif Muna
Wu Jian

Shops:
D:1 (

Annotations:
D:2 1 runed translucent door, Crazy Yiuf
D:5 Pikel


Innate Abilities, Weirdness & Mutations

You have a pair of small horns on your head.
You regenerate health from kills.
You are mostly covered in sharp spines.
You have a small tail.


Message History

Pikel is lightly wounded.
The lemure hits you. Pikel is struck by your spines.
Pikel hits you with a +0 whip of flaming.
You barely miss Pikel. You headbutt Pikel, but do no damage.
Pikel is heavily wounded.
You closely miss Pikel.
Pikel is heavily wounded.
The lemure is struck by your spines. The lemure hits you.
Pikel is struck by your spines.
Pikel hits you with a +0 whip of flaming!
Pikel burns you.
You punch Pikel! You tail-slap Pikel, but do no damage.
Pikel is almost dead.
The lemure is struck by your spines. The lemure hits you.
Pikel is struck by your spines.
Pikel hits you with a +0 whip of flaming!
Pikel burns you.
* * * LOW HITPOINT WARNING * * *
You closely miss Pikel. You headbutt Pikel, but do no damage.
You punch Pikel, but do no damage.
Pikel is almost dead.
Pikel drinks a potion.
Pikel is healed!
The lemure is struck by your spines. The lemure hits you but does no damage.
You hit Pikel but do no damage.
Your tail-slap misses Pikel.
Pikel is moderately wounded.
The lemure barely misses you. Pikel is struck by your spines.
Pikel closely misses you.
You miss Pikel. You headbutt Pikel.
Pikel is severely wounded.
The lemure closely misses you.
Pikel hits you with a +0 whip of flaming.
* * * LOW HITPOINT WARNING * * *
You closely miss Pikel. You headbutt Pikel, but do no damage.
You tail-slap Pikel, but do no damage.
Pikel is severely wounded.
You hit Pikel. You headbutt Pikel, but do no damage.
Pikel is severely wounded.
Pikel hits you with a +0 whip of flaming.
* * * LOW HITPOINT WARNING * * *
The lemure is struck by your spines. The lemure misses you.
You punch Pikel! Your headbutt misses Pikel.
Pikel is almost dead.
Pikel hits you with a +0 whip of flaming!
You die...
Your body disappears without a glow.

. 5.>$. #.#...####
.#......# .....#.#
....$.# #
##############..#.##.#
................(.$.#
###.[.####........###
...................!#
..........5K.....##..#
........##@###...# ?..
.#.#.....#####.#o# .
#.......#.....#..o
###.....#.###.###...
#.......###.###.##
####............#
#......#.###
#......#.# #......#.#
##......#'##
............#


You could see Pikel and a lemure.

Vanquished Creatures
  Edmund (D:5)
  A black bear (D:5)
  An ogre (D:4)
  3 lemures (D:5)
  A kobold brigand (D:3)
  Blork the orc (D:4)
  A necrophage (D:5)
  A scorpion (D:5)
  A hound (D:4)
  2 orc priests
  2 jellies
  Jessica (D:2)
  2 iguanas (D:5)
  Ijyb (D:4)
  4 orc wizards
  5 adders
  9 river rats
  2 worms
  17 orcs
  5 bats
  6 endoplasms
  7 giant cockroaches
  8 hobgoblins
  4 jackals (D:1)
  26 kobolds
  3 quokkas
  13 ball pythons
  9 frilled lizards
  6 goblins
  33 rats
176 creatures vanquished.

Vanquished Creatures (collateral kills)
  Grinder (D:4)
1 creature vanquished.

Grand Total: 177 creatures vanquished

Notes
Turn   | Place    | Note
-------+----------+-------------------------------------------
     0 | D:1      | atomjack the Demonspawn Monk began the quest for the Orb.
     0 | D:1      | Reached XP level 1. HP: 18/18 MP: 1/1
    83 | D:1      | Reached skill level 3 in Unarmed Combat
   141 | D:1      | Gained mutation: You are partially covered in sharp spines.
                  | [demonic ancestry]
   141 | D:1      | Reached XP level 2. HP: 21/24 MP: 2/2
   182 | D:1      | Found Dujephya's Weapon Emporium.
   461 | D:1      | Gained mutation: You are mostly covered in sharp spines.
                  | [demonic ancestry]
   461 | D:1      | Reached XP level 3. HP: 29/29 MP: 3/3
   858 | D:2      | Reached skill level 4 in Unarmed Combat
  1421 | D:2      | Noticed Jessica
  1426 | D:2      | Killed Jessica
  1427 | D:2      | Discovered your monstrous ancestry.
  1427 | D:2      | Gained mutation: You have a pair of small horns on your
                  | head. [demonic ancestry]
  1427 | D:2      | Reached XP level 4. HP: 28/35 MP: 2/4
  1543 | D:2      | Found a runed translucent door.
  1544 | D:2      | Noticed Crazy Yiuf
  1639 | D:3      | Found a faded altar of an unknown god.
  1731 | D:3      | Reached skill level 5 in Unarmed Combat
  1826 | D:3      | Found a sparkling altar of Nemelex Xobeh.
  1892 | D:3      | Found a glowing drain.
  1905 | D:3      | Gained mutation: You regenerate a little health from kills.
                  | [demonic ancestry]
  1905 | D:3      | Reached XP level 5. HP: 39/41 MP: 3/5
  1909 | Sewer    | Entered a sewer
  2228 | Sewer    | Reached skill level 6 in Unarmed Combat
  2570 | D:3      | Reached XP level 6. HP: 47/47 MP: 6/6
  2727 | D:3      | Found a faded altar of an unknown god.
  2727 | D:3      | Found the Hermit's Pendant {Faith Invo=14 Evo=0 MP+5}
  2805 | D:3      | Became a worshipper of Nemelex Xobeh the Trickster
  2805 | D:3      | Reached * piety under Nemelex Xobeh
  2805 | D:3      | Received a gift from Nemelex Xobeh
  2805 | D:3      | Received a gift from Nemelex Xobeh
  2805 | D:3      | Reached ** piety under Nemelex Xobeh
  3020 | D:4      | Noticed Ijyb
  3026 | D:4      | Killed Ijyb
  3075 | D:4      | Reached skill level 7 in Unarmed Combat
  3086 | D:4      | HP: 2/47 [poisoned by an orc wizard]
  3370 | D:4      | Found a staircase to the Ecumenical Temple.
  3378 | D:4      | Noticed Grinder
  3394 | D:4      | Killed Grinder
  3395 | D:4      | Reached skill level 8 in Unarmed Combat
  3395 | D:4      | Gained mutation: You regenerate health from kills. [demonic
                  | ancestry]
  3395 | D:4      | Reached XP level 7. HP: 47/52 MP: 17/17
  3470 | D:4      | Noticed Blork the orc
  3474 | D:4      | Killed Blork the orc
  3584 | D:4      | Found a shimmering blue altar of Sif Muna.
  3982 | D:5      | Entered Level 5 of the Dungeon
  3993 | D:5      | Reached skill level 9 in Unarmed Combat
  3993 | D:5      | Gained mutation: You have a small tail. [demonic ancestry]
  3993 | D:5      | Reached XP level 8. HP: 46/58 MP: 18/18
  3998 | D:5      | Noticed Pikel
  4166 | D:5      | Noticed Edmund
  4177 | D:5      | HP: 2/47 [Edmund/+4 flail of draining (2)]
  4181 | D:5      | Killed Edmund
  4566 | D:5      | Reached *** piety under Nemelex Xobeh
  4566 | D:5      | Received a gift from Nemelex Xobeh
  4668 | D:5      | Found an ornate altar of the Wu Jian Council.
  4859 | D:5      | Slain by Pikel

Illustrated notes

Levels and vault maps discovered:
D:1:      lemuel_arrival_hallway, layout_rooms, serial_shops,
          nicolae_shop_bloodbath_and_beyond
D:2:      layout_loops_ring, minmay_lizard_pond, uniq_jessica,
          uniq_crazy_yiuf_cottage
D:3:      layout_basic, amcnicky_altar_gilded, portal_sewer_entry_b,
          hellmonk_ecumenical_altar_pennies_from_heaven,
          hellmonk_guarded_unrand_hermit
D:4:      layout_basic, lemuel_round_altar, mainiacjoe_overflow_boulevard,
          minmay_temple_entry_crystal_x, minmay_between, uniq_grinder,
          uniq_ijyb, uniq_blork_the_orc
D:5:      layout_basic, marbit_many_paths, uniq_edmund, uniq_pikel

Skill      XL: |  1  2  3  4  5  6  7 |
---------------+----------------------+-----
Unarmed Combat | 3 4 5 6 8 9 |  9.9
Fighting       | |  3.0
Dodging        | |  2.6
Stealth        | |  1.7

Action                   |  1- 3 |  4- 6 |  7- 9 || total
-------------------------+-------+-------+-------++-------
Melee: Unarmed           |   113 |   156 |   106 ||   375
       Punch             |     4 |     8 |     8 ||    20
       Headbutt          |       |    29 |    24 ||    53
       Tailslap          |       |       |    12 ||    12
Throw: Dart              |       |     2 |     2 ||     4
Invok: Draw Destruction  |       |     6 |     1 ||     7
       Draw Summoning    |       |     2 |       ||     2
Evoke: Wand              |       |       |     1 ||     1
  Use: Scroll            |       |     3 |     2 ||     5
       Potion            |       |     3 |     2 ||     5
 Stab: Sleeping          |     2 |     5 |     3 ||    10
       Distracted        |       |       |     1 ||     1
Armor: Robe              |     5 |       |       ||     5
       Leather armour    |    12 |    31 |    17 ||    60
Dodge: Dodged            |    49 |    66 |    37 ||   152

Table legend: (Time is in decaauts)
 A = Elapsed time spent in this place.
 B = Non-inter-level travel time spent in this place.
 C = Inter-level travel time spent in this place.
 D = Time resting spent in this place.
 E = Time spent auto-exploring this place.
 F = Levels seen in this place.
 G = Mean time per level.
                   A        B        C        D        E       F      G
               +--------+--------+--------+--------+--------+-----+--------+
         Total |   4829 |   4523 |    306 |    176 |   2901 |   6 |  804.8 |
       Dungeon |   4338 |   4032 |    306 |    176 |   2610 |   5 |  867.6 |
         Sewer |    491 |    491 |      0 |      0 |    290 |   1 |  491.0 |
               +--------+--------+--------+--------+--------+-----+--------+

Top non-repeatable levels by time:
     D:3: 1093 daAuts
     D:4: 839 daAuts
     D:2: 831 daAuts
     D:5: 825 daAuts
     D:1: 749 daAuts
   Sewer: 491 daAuts
